 Dungeon Crawl Stone Soup version 0.32-a0-351-gc6a9d31 (webtiles) character file.

Game seed: 7005540582062940376

71134 senlim the Destroyer (level 14, -5/119 (122) HPs)
             Began as a Mountain Dwarf Reaver on Feb 17, 2024.
             Was a Priest of Cheibriados.
             Slain by a skeletal warrior
             ... wielding a +0 scimitar
              (10 damage)
             ... on level 14 of the Dungeon.
             The game lasted 01:29:34 (35875 turns).

senlim the Destroyer (Mountain Dwarf Reaver)       Turns: 35875, Time: 01:29:35

HP:   -5/119 (122)  AC: 26    Str: 20    XL:     14   Next: 96%
MP:   25/27         EV:  8    Int: 29    God:    Cheibriados [***...]
Gold: 1111          SH:  5    Dex: 16    Spells: 0/32 levels left

rFire   . . .        a - +0 broad axe
rCold   + + .        Q - +0 buckler
rNeg    . . .        H - +4 plate armour of Going Fast {rC++ Regen+ Str-4 Int+3}
rPois   .            E - +2 hat
rElec   .            n - +0 cloak
rCorr   .            y - +0 pair of gloves
SInv    .            q - +2 pair of boots
Will    +....        (no amulet) Stlth
                     A - ring of wizardry
HPRegen 1.19/turn    N - +4 ring of slaying
MPRegen 0.20/turn

%: wizardry (x1)
@: very slightly contaminated, lightly drained, very slow
A: runic magic, artefact enchanting
a: Renounce Religion, Bend Time, Temporal Distortion


You were on level 14 of the Dungeon.
You worshipped Cheibriados.
Cheibriados was most pleased with you.
You visited 5 branches of the dungeon, and saw 24 of its levels.
You also visited: Gauntlet.

You collected 2119 gold pieces.
You spent 1008 gold pieces at shops.

Inventory:

Hand Weapons
 a - a +0 broad axe (weapon)
 b - a +2 war axe of flaming
 S - a +0 war axe of electrocution
Missiles
 h - 34 boomerangs
 o - 12 javelins
 p - 4 silver javelins
 x - 62 poisoned darts
 F - 2 atropa-tipped darts
 I - 3 curare-tipped darts
Armour
 n - a +0 cloak (worn)
 q - a +2 pair of boots (worn)
 t - a +2 robe of cold resistance
 w - the +3 scale mail of Cisuly {rC- Str+6}
   (You found it on level 5 of the Dungeon)

   Str+6:     It affects your strength (+6).
   rC-:       It makes you vulnerable to cold.
 y - a +0 pair of gloves (worn)
 E - a +2 hat (worn)
 H - the +4 plate armour of Going Fast (worn) {rC++ Regen+ Str-4 Int+3}
   (You found it on level 1 of the Lair of Beasts)

   Str-4:     It affects your strength (-4).
   Int+3:     It affects your intelligence (+3).
   rC++:      It greatly protects you from cold.
   Regen+:    It increases your rate of health regeneration.
 Q - a +0 buckler (worn)
Jewellery
 A - a ring of wizardry (left hand)
 C - a ring of poison resistance
 K - a ring of protection from fire
 N - a +4 ring of slaying (right hand)
 O - a +5 ring of evasion
Wands
 k - a wand of paralysis (20)
 l - a wand of flame (9)
Scrolls
 c - 4 scrolls of immolation
 f - 4 scrolls of fog
 i - 3 scrolls of enchant armour
 j - a scroll of noise {unknown}
 m - 3 scrolls of enchant weapon
 u - 3 scrolls of vulnerability
 z - 2 scrolls of poison
 G - a scroll of revelation
 L - 3 scrolls of silence
 R - a scroll of acquirement {unknown}
Potions
 d - a potion of cancellation {unknown}
 e - 2 potions of enlightenment
 g - 3 potions of lignification
 r - 3 potions of brilliance
 s - 2 potions of attraction {unknown}
 v - a potion of resistance {unknown}
 B - 2 potions of might {unknown}
 D - 3 potions of mutation {unknown}
Miscellaneous
 T - a phial of floods (inert)


   Skills:
 + Level 10.4 Fighting
 + Level 9.9(10.5) Axes
 - Level 4.2(6.8) Polearms
 + Level 6.6 Throwing
 + Level 9.4 Armour
 - Level 6.2 Dodging
 + Level 2.9 Shields
 * Level 9.7 Spellcasting
 * Level 11.1 Conjurations
 + Level 6.9 Fire Magic
 - Level 3.0 Ice Magic
 + Level 2.2 Earth Magic
 + Level 10.2 Invocations


You couldn't memorise any spells.
You knew the following spells:

 Your Spells              Type           Power      Damage    Failure   Level
a - Kiss of Death         Conj/Necr      100%       2d13      1%          1
b - Momentum Strike       Conj/Tloc      92%        3d10      1%          2
c - Hailstorm             Conj/Ice       53%        3d10      1%          3
d - Brom's Barrelling Bo  Conj/Erth      52%        2d7       2%          4
e - Fireball              Conj/Fire      30%        3d13      2%          5
f - Passwall              Erth           27%        N/A       4%          3
g - Blink                 Tloc           28%        N/A       6%          2
h - Orb of Destruction    Conj           34%        9d10      32%         7
i - Irradiate             Conj/Alch      23%        3d19      11%         5

Your spell library contained the following spells:

 Spells                   Type           Power      Damage    Failure   Level
 Sandblast                Erth           54%        2d13      1%          1
 Stone Arrow              Conj/Erth      100%       3d13      1%          3
 Iskenderun's Battlesphe  Conj           68%        2d12      1%          5
 Inner Flame              Hex/Fire       34%        N/A       2%          3
 Call Imp                 Summ           28%        N/A       6%          2
 Cigotuvi's Dreadful Rot  Necr/Alch/Air  28%        N/A       6%          2
 Lesser Beckoning         Tloc           28%        N/A       6%          2
 Sublimation of Blood     Necr           14%        N/A       6%          2
 Animate Armour           Summ/Erth      40%        N/A       24%         4
 Leda's Liquefaction      Alch/Erth      10%        N/A       24%         4
 Animate Dead             Necr           14%        N/A       34%         4
 Dispel Undead            Necr           14%        3d10      34%         4
 Martyr's Knell           Necr/Summ      14%        N/A       34%         4
 Summon Lightning Spire   Summ/Air       14%        N/A       34%         4
 Bombard                  Conj/Erth      26%        9d5       34%         6
 Lee's Rapid Deconstruct  Erth           13%        3d9*      38%         5
 Conjure Ball Lightning   Conj/Air       23%        3x3d6     50%         6
 Borgnjor's Vile Clutch   Necr/Erth      10%        N/A       52%         5
 Summon Forest            Summ/Tloc      7%         N/A       69%         5
 Summon Mana Viper        Hex/Summ       14%        N/A       69%         5
 Death Channel            Necr           7%         N/A       99%         6
 Summon Cactus Giant      Summ           7%         N/A       99%         6
 Haunt                    Necr/Summ      7%         N/A       100%        7
 Malign Gateway           Summ/Tloc      7%         N/A       100%        7
 Summon Hydra             Summ           7%         N/A       100%        7
 Borgnjor's Revivificati  Necr           7%         N/A       100%        8
 Ignition                 Fire           26%        3d9       100%        8
 Death's Door             Necr           7%         N/A       100%        9


Dungeon Overview and Level Annotations

Branches:
Dungeon (15/15)            Temple (1/1) D:7            Lair (5/5) D:10
 Shoals (0/4) Lair:2        Snake (1/4) Lair:3        Slime (0/5) Lair:5
    Orc (2/2) D:12            Elf (0/3) Orc:2        Vaults (0/5) D:13
Gauntlet (visited)
 Depths: D:15

Altars:
Ashenzari
Cheibriados
Dithmenos
Elyvilon
Fedhas
Gozag
Hepliaklqana
Kikubaaqudgha
Makhleb
Nemelex Xobeh
Okawaru
Qazlal
Ru
Sif Muna
Trog
Uskayaw
Vehumet
Wu Jian
Xom
Yredelemnul
Zin
The Shining One
Beogh
Jiyva

Shops:
D:1 *   D:5 [   D:6 :   D:11 *   Orc:2 :[:*

Annotations:
D:7 1 runed translucent door, edsrzf's ghost, novice MDRe
D:12 !, Frances
D:14 2 transporters, december12's ghost, journeyman BaAr
Lair:5 1 runed translucent door


Innate Abilities, Weirdness & Mutations

Your spellcasting is much less encumbered by armour.
You can use scrolls of enchantment on lesser artefacts.


Message History

There is a stone staircase leading up here.
Unknown command.
Found a glaive.
Found a stone staircase leading up.
i - 3 scrolls of enchant armour (gained 1)
You open the door.
Found a stone staircase leading up.
There is an open door here. 2 tengu warriors come into view.
Found a scroll of immolation.
The tengu warrior shouts! x2
The tengu warrior moves out of view.
The tengu warrior barely misses you.
The tengu warrior pecks you but does no damage.
You block the tengu warrior's attack.
You closely miss the tengu warrior. The tengu warrior slips past you!
The tengu warrior hits you but does no damage.
The tengu warrior pecks you but does no damage.
The tengu warrior claws you but does no damage.
You hit the tengu warrior.
The tengu warrior is lightly wounded.
The tengu warrior hits you but does no damage.
The tengu warrior pecks you. The tengu warrior closely misses you.
You hit the tengu warrior.
The tengu warrior is lightly wounded.
You slash the tengu warrior! The tengu warrior closely misses you.
The tengu warrior pecks you but does no damage.
The tengu warrior claws you. You block the tengu warrior's attack.
The tengu warrior pecks you but does no damage.
The tengu warrior claws you but does no damage.
The tengu warrior blocks your attack.
The tengu warrior is lightly wounded.
You closely miss the tengu warrior. The tengu warrior misses you.
The tengu warrior pecks you but does no damage.
The tengu warrior claws you but does no damage.
The tengu warrior hits you with a +0 long sword!
The tengu warrior pecks you but does no damage.
The tengu warrior claws you but does no damage.
You hit the tengu warrior.
The tengu warrior is lightly wounded.
You closely miss the tengu warrior.
The tengu warrior hits you but does no damage.
The tengu warrior misses you.
The tengu warrior claws you but does no damage.
The tengu warrior hits you but does no damage.
The tengu warrior pecks you but does no damage.
The tengu warrior claws you but does no damage.
You hit the tengu warrior but do no damage.
The tengu warrior is lightly wounded.
You completely miss the tengu warrior.
The tengu warrior hits you but does no damage.
The tengu warrior barely misses you. The tengu warrior claws you.
The tengu warrior hits you but does no damage.
The tengu warrior pecks you but does no damage.
The tengu warrior barely misses you.
The tengu warrior hits you but does no damage.
The tengu warrior completely misses you.
The tengu warrior claws you but does no damage.
The tengu warrior hits you with a +0 long sword.
The tengu warrior pecks you but does no damage.
The tengu warrior claws you but does no damage.
You slice the tengu warrior!!
The tengu warrior is heavily wounded.
You barely miss the tengu warrior.
The tengu warrior hits you but does no damage.
The tengu warrior pecks you.
The tengu warrior claws you but does no damage.
The tengu warrior hits you with a +0 long sword!
The tengu warrior pecks you but does no damage.
The tengu warrior claws you but does no damage.
Unknown command.
You hit the tengu warrior but do no damage.
The tengu warrior is heavily wounded.
You miss the tengu warrior.
The tengu warrior hits you with a +0 dire flail.
The tengu warrior pecks you but does no damage.
The tengu warrior claws you but does no damage.
The tengu warrior hits you with a +0 long sword.
The tengu warrior completely misses you.
The tengu warrior claws you but does no damage.
Unknown command.
Okay, then.
Search for what [Enter for "scroll", or ? for help]? irradiate Unknown command.
The tengu warrior slips past you!
You block the tengu warrior's attack. x2
The tengu warrior closely misses you.
The tengu warrior hits you but does no damage.
The tengu warrior pecks you. You block the tengu warrior's attack.
The tengu warrior hits you but does no damage.
The tengu warrior completely misses you.
You block the tengu warrior's attack.
The tengu warrior hits you with a +0 long sword.
The tengu warrior pecks you but does no damage.
The tengu warrior barely misses you.
Casting: Fireball (dangerous; 2% risk of failure)
Confirm with . or Enter, or press ? or * to list all spells.
Aiming: Fireball (dangerous; 2% risk of failure)
Press: ? - help, Shift-Dir - straight line The fireball explodes!
The fireball engulfs the tengu warrior!!
The tengu warrior is almost dead.
The tengu warrior hits you but does no damage.
The tengu warrior pecks you but does no damage.
The tengu warrior claws you. You block the tengu warrior's attack.
The tengu warrior pecks you but does no damage.
You block the tengu warrior's attack.
Unknown command.
Unknown command.
Unknown command.
Casting: Fireball (dangerous; 2% risk of failure)
Confirm with . or Enter, or press ? or * to list all spells.
Aiming: Fireball (dangerous; 2% risk of failure)
Press: ? - help, Shift-Dir - straight line The fireball explodes!
The fireball engulfs the tengu warrior!
You kill the tengu warrior!
Cheibriados appreciates the change of pace.
The tengu warrior barely misses you. The tengu warrior closely misses you.
The tengu warrior claws you but does no damage.
Unknown command.
Unknown command.
The tengu warrior hits you with a +0 dire flail!
The tengu warrior pecks you but does no damage.
The tengu warrior claws you but does no damage.
Casting: Fireball (dangerous; 2% risk of failure)
Confirm with . or Enter, or press ? or * to list all spells.
Aiming: Fireball (dangerous; 2% risk of failure)
Press: ? - help, Shift-Dir - straight line The fireball explodes!
The fireball engulfs the tengu warrior!!
The tengu warrior is heavily wounded.
The tengu warrior hits you with a +0 dire flail!
The tengu warrior closely misses you. You block the tengu warrior's attack.
Unknown command.
Casting: Fireball (dangerous; 2% risk of failure)
Confirm with . or Enter, or press ? or * to list all spells.
Aiming: Fireball (dangerous; 2% risk of failure)
Press: ? - help, Shift-Dir - straight line The fireball explodes!
The fireball engulfs the tengu warrior!!
The tengu warrior is almost dead.
You block the tengu warrior's attack. The tengu warrior barely misses you.
The tengu warrior claws you but does no damage.
Unknown command.
Casting: Fireball (dangerous; 2% risk of failure)
Confirm with . or Enter, or press ? or * to list all spells.
Aiming: Fireball (dangerous; 2% risk of failure)
Press: ? - help, Shift-Dir - straight line The fireball explodes!
The fireball engulfs the tengu warrior!
You kill the tengu warrior!
Cheibriados appreciates the change of pace.
Unknown command.
Unknown command.
Search for what [Enter for "irradiate", or ? for help]?
There is an open door here.
There is a stone staircase leading up here.
You climb upwards.
Level annotation: 2 transporters, december12's ghost, journeyman BaAr
There is a stone staircase leading down here.
There is an open door here.
There is a stone staircase leading up here.
You climb upwards.
There is a stone staircase leading down here.
HP restored.
There is a stone staircase leading up here.
Warning, next level annotated: !, Frances You climb upwards.
There is a stone staircase leading down here.
There is an opulent altar of Gozag here.
You see here a +0 club.
You see here a +0 flail.
There is a stone staircase leading up, spattered with blood here.
You climb upwards.
There is a stone staircase leading down here.
There is an open door here.
There is an open door here.
Magic restored.
There is a stone staircase leading up here.
You climb upwards.
There is a stone staircase leading down here.
There is an open door here.
There is an open door here.
There is an escape hatch in the ceiling here.
A mysterious force pulls you upwards. The hatch slams shut behind you.
There is a stone staircase leading up here.
You climb upwards.
There is a stone staircase leading down here.
There is a stone staircase leading up here.
You climb upwards.
Level annotation: 1 runed translucent door, edsrzf's ghost, novice MDRe
There is a stone staircase leading down here.
There is a stone staircase leading up here.
You climb upwards.
There is a stone staircase leading down here.
There is an entrance to Cacozoaf's Book Shop here.
You can access your shopping list by pressing '$'.
Okay, then.
Okay, then.
You pick up a book of Spontaneous Combustion and begin reading...
You add the spells Inner Flame, Irradiate and Ignition to your library.
Thank you for shopping at Cacozoaf's Book Shop!
You can access your shopping list by pressing '$'.
Okay, then.
This spell is dangerous to cast!
You start memorising the spell.
You continue memorising. x5
You finish memorising.
Spell assigned to 'i'.
What level of the Dungeon? (default 6, ? - help)
There is a stone staircase leading down here.
You climb downwards.
Level annotation: 1 runed translucent door, edsrzf's ghost, novice MDRe
There is a stone staircase leading up here.
There is a stone staircase leading down here.
You climb downwards.
There is a stone staircase leading up here.
There is a stone staircase leading down here.
You climb downwards.
There is a stone staircase leading up here.
Things that are here:
a +0 dagger; a +0 short sword; a kobold skeleton
Things that are here:
a +0 whip; a kobold skeleton
There is a stone staircase leading down here.
You climb downwards.
There is a stone staircase leading up here.
There is a stone staircase leading down here.
You climb downwards.
There is a stone staircase leading up here.
There is an open door here.
There is an open door here.
There is a stone staircase leading down here.
Warning, next level annotated: !, Frances You climb downwards.
There is a stone staircase leading up, spattered with blood here.
You see here a +0 flail.
You see here a +0 club.
There is an opulent altar of Gozag here.
There is a stone staircase leading down here.
You climb downwards.
There is a stone staircase leading up here.
There is a stone staircase leading down here.
You climb downwards.
Level annotation: 2 transporters, december12's ghost, journeyman BaAr
There is a stone staircase leading up here.
There is an open door here.
There is a stone staircase leading down here.
You climb downwards.
There is a stone staircase leading up here.
There is an open door here.
Items here: ) [[ รท.
c - 4 scrolls of immolation (gained 1)
You open the door.
A flayed ghost, a spriggan berserker skeleton and a deep elf pyromancer come into view.
The deep elf pyromancer shouts!
A fire dragon comes into view.
The flayed ghost moves out of view.
Unknown command.
You close the door.
You start waiting.
A spriggan berserker skeleton comes into view.
A skeletal warrior comes into view. It is wielding a +0 scimitar.
Aiming: Fireball (dangerous; 2% risk of failure)
Press: ? - help, Q - select action, (/) - cycle Shift-Dir - straight line, f - flayed ghost
Aim: a flayed ghost The fireball explodes!
The fireball engulfs the flayed ghost!!
The flayed ghost is severely damaged.
The fireball engulfs the spriggan berserker skeleton!
The spriggan berserker skeleton is moderately damaged.
You hear a deafening roar!
You hear a shout!
The skeletal warrior moves out of view.
Unknown command.
Unknown command.
Aiming: Fireball (dangerous; 2% risk of failure)
Press: ? - help, Q - select action, (/) - cycle Shift-Dir - straight line, f/p - flayed ghost
Aim: a flayed ghost (severely damaged)
The fireball explodes!
The fireball engulfs the spriggan berserker skeleton!!
The spriggan berserker skeleton is heavily damaged.
The fireball engulfs the flayed ghost!
The flayed ghost is almost destroyed.
The fireball engulfs you but does no damage.
You hear two shouts!
You hear a shout!
The spriggan berserker skeleton closely misses you.
Unknown command.
Unknown command.
You hit the spriggan berserker skeleton but do no damage.
The spriggan berserker skeleton is heavily damaged.
You block the spriggan berserker skeleton's attack.
You slash the spriggan berserker skeleton!
The spriggan berserker skeleton is severely damaged.
The spriggan berserker skeleton hits you but does no damage.
The flayed ghost cries, "Suffer as I suffered!"
Terrible wounds open up all over your body!
Casting: Fireball (dangerous; 2% risk of failure)
Confirm with . or Enter, or press ? or * to list all spells.
You erupt in a fountain of uncontrolled magic!
The spriggan berserker skeleton is blasted with magical radiation!!!
You destroy the spriggan berserker skeleton!
You are very lightly contaminated with residual magic.
Unknown command.
Unknown command.
You closely miss the deep elf pyromancer.
The deep elf pyromancer hits you but does no damage.
You slash the deep elf pyromancer!
The deep elf pyromancer is moderately wounded.
The deep elf pyromancer barely misses you.
You closely miss the deep elf pyromancer.
The deep elf pyromancer is moderately wounded.
The deep elf pyromancer closely misses you.
The flayed ghost cries, "Feel what I felt!"
Terrible wounds spread across more of your body!
Casting: Irradiate (dangerous; 9% risk of failure)
Confirm with . or Enter, or press ? or * to list all spells.
You miscast Irradiate.
There is a flash of cinnabar.
You are poisoned.
You feel very sick.
The deep elf pyromancer hits you but does no damage.
Unknown command.
Unknown command.
Unknown command.
Casting: Irradiate (dangerous; 9% risk of failure)
Confirm with . or Enter, or press ? or * to list all spells.
You erupt in a fountain of uncontrolled magic!
The deep elf pyromancer is blasted with magical radiation!!
You kill the deep elf pyromancer!
Cheibriados appreciates the change of pace.
You are lightly contaminated with residual magic.
You feel very sick.
Unknown command.
Unknown command.
Aim the phial where?
Press: ? - help, Q - select action, (/) - cycle Shift-Dir - straight line, f/p - flayed ghost
Aim: a flayed ghost (severely damaged, 57% to hit)
The torrent of water hits the skeletal warrior.
The skeletal warrior is lightly damaged.
The skeletal warrior is knocked back by the torrent of water.
The skeletal warrior collides with the flayed ghost!
The flayed ghost is almost destroyed.
The wave splashes down.
Splash!
You fall into the shallow water.
Moving in this stuff is going to be slow.
You feel very sick.
You hear two shouts!
You hear a shout!
You hear a deafening roar!
You hear a shout!
You hear a roar!
You hear a shout!
A skeletal warrior comes into view. It is wielding a +0 war axe.
The skeletal warrior hits you with a +0 scimitar.
Unknown command.
Unknown command.
You feel very sick.
The skeletal warrior attacks as it pursues you!
You block the skeletal warrior's attack.
Casting: Irradiate (dangerous; 9% risk of failure)
Confirm with . or Enter, or press ? or * to list all spells.
You don't have enough magic to cast this spell.
You miss the flayed ghost.
The flayed ghost is severely damaged.
You slash the skeletal warrior!
You feel sick. The skeletal warrior barely misses you.
The flayed ghost hits you.
Unknown command.
You closely miss the flayed ghost.
The flayed ghost is severely damaged.
You barely miss the skeletal warrior.
You feel sick.
The skeletal warrior splashes around in the water.
The flayed ghost cries, "Suffer as I suffered!"
Terrible wounds spread across more of your body!
The skeletal warrior hits you with a +0 scimitar!
* * * LOW HITPOINT WARNING * * *
Unknown command.
Activating: Slouch (1% risk of failure)
Press: ? - help, Dir - look around, f - activate You can feel time thicken for a moment.
You destroy the flayed ghost!
Cheibriados appreciates the change of pace.
The terrible wounds on your body vanish.
Cheibriados lowers the support of your attributes as your movement quickens.
You feel sick.
The spriggan berserker skeleton hits you but does no damage.
The skeletal warrior splashes around in the water.
Unknown command.
Unknown command.
Unknown command.
You closely miss the skeletal warrior.
The skeletal warrior is moderately damaged.
You hit the spriggan berserker skeleton.
You feel sick.
The skeletal warrior splashes around in the water.
You block the spriggan berserker skeleton's attack.
You hit the skeletal warrior.
The skeletal warrior is moderately damaged.
You hit the spriggan berserker skeleton.
You feel sick.
The skeletal warrior hits you with a +0 scimitar!
Unknown command.
You barely miss the skeletal warrior.
The skeletal warrior is moderately damaged.
You closely miss the spriggan berserker skeleton.
You feel sick.
The spriggan berserker skeleton hits you.
A necromancer comes into view. It is wielding a +0 dagger.
The skeletal warrior barely misses you.
The skeletal warrior hits you but does no damage.
You feel sick.
The spriggan berserker skeleton hits you but does no damage.
The skeletal warrior hits you with a +0 scimitar.
You feel sick.
The skeletal warrior hits you with a +0 war axe!!
You feel sick.
The skeletal warrior attacks as it pursues you!
The skeletal warrior hits you but does no damage.
The necromancer gestures wildly while chanting.
The necromancer binds the souls of nearby monsters.
The skeletal warrior hits you with a +0 war axe.
You feel sick.
You are no longer poisoned.
The skeletal warrior hits you but does no damage. x2
The necromancer points at you and mumbles some strange words.
The bolt of negative energy hits the spriggan berserker skeleton.
The spriggan berserker skeleton completely resists.
The bolt of negative energy hits the skeletal warrior.
The skeletal warrior completely resists.
The bolt of negative energy misses you. The skeletal warrior barely misses you.
The skeletal warrior attacks as it pursues you!
The skeletal warrior hits you but does no damage.
You block the skeletal warrior's attack.
The skeletal warrior attacks as it pursues you!
The skeletal warrior hits you with a +0 scimitar.
The skeletal warrior hits you but does no damage.
The necromancer points at you and mumbles some strange words.
You resist with significant effort.
The skeletal warrior attacks as it pursues you!
You block the skeletal warrior's attack.
The skeletal warrior hits you but does no damage.
There is a stone staircase leading up here.
The necromancer casts a spell at you.
The bolt of negative energy hits the skeletal warrior.
The skeletal warrior completely resists.
The bolt of negative energy hits you!
You feel drained.
The skeletal warrior hits you with a +0 scimitar!
The skeletal warrior barely misses you.
You climb upwards.
Level annotation: 2 transporters, december12's ghost, journeyman BaAr
There is a stone staircase leading down here.
Unknown command.
You feel better.
The skeletal warrior hits you but does no damage.
The skeletal warrior hits you with a +0 war axe.
Unknown command.
Unknown command.
Activating: Slouch (1% risk of failure)
Press: ? - help, Dir - look around, f - activate You can feel time thicken for a moment.
You can no longer inflict damage on those overly hasty.
Cheibriados lowers the support of your attributes as your movement quickens.
The skeletal warrior hits you with a +0 scimitar!!
* * * LOW HITPOINT WARNING * * *
You block the skeletal warrior's attack.
Unknown command.
Unknown command.
Okay, then.
Unknown command.
You hit the skeletal warrior.
The skeletal warrior is heavily damaged.
You hit the skeletal warrior.
The skeletal warrior hits you with a +0 scimitar!
* * * LOW HITPOINT WARNING * * *
The skeletal warrior hits you with a +0 war axe!
* * * LOW HITPOINT WARNING * * *
Aiming: Paralyse
Press: ? - help, Q - select action, (/) - cycle Shift-Dir - straight line, f - skeletal warrior
Aim: a skeletal warrior, wielding a +0 war axe (heavily damaged, chance to affect: 1%)
Okay, then.
Cleave: a) +0 broad axe
Press: ? - help, Dir - move target, f - skeletal warrior
Aim: a skeletal warrior, wielding a +0 war axe (heavily damaged, about 30% to evade your +0 broad axe)
Okay, then.
Throw: throwing net
Press: ? - help, Q - select action, (/) - cycle Shift-Dir - straight line, f - skeletal warrior
Aim: a skeletal warrior, wielding a +0 war axe (heavily damaged, 70% to hit)
You throw a throwing net.
The throwing net hits the skeletal warrior.
The skeletal warrior is caught in the net!
The skeletal warrior is heavily damaged.
The skeletal warrior hits you with a +0 scimitar.
* * * LOW HITPOINT WARNING * * *
The skeletal warrior struggles against the net.
Unknown command.
Unknown command.
You barely miss the skeletal warrior.
The skeletal warrior is heavily damaged.
You slash the skeletal warrior! The skeletal warrior barely misses you.
The skeletal warrior struggles against the net.
You hit the skeletal warrior.
The skeletal warrior is heavily damaged.
You hit the skeletal warrior but do no damage.
The skeletal warrior hits you but does no damage.
The skeletal warrior struggles against the net.
Unknown command.
Magic courses through your body.
The skeletal warrior hits you with a +0 scimitar!
You die...
Cheibriados appreciates the motionlessness of death.

#......# #......#
############......#
...........'......#
############......#
#####'## #.# #z#
#@# ###### #z#
.....# ##.# .....#
#.^# .....# #.##
.....# #.# .....#
#.# ##'### #.# #.#
#.#


You could see 2 skeletal warriors.

Vanquished Creatures
  Gastronok (Lair:1)
  Kirke (Lair:3)
  An orc warlord (Orc:1)
  Snorg (Orc:1)
  Josephine (Lair:3)
  4 vault guards (D:13)
  2 hydras
  An ogre mage (D:13)
  A centaur warrior (D:14)
  2 catoblepae (D:12)
  2 boulder beetles (D:13)
  2 tengu warriors (D:15)
  2 two-headed ogres
  3 death yaks
  Urug (Orc:2)
  Sonja (Lair:3)
  A deep elf archer (D:13)
  2 lindwurms (Lair:5)
  A flayed ghost (D:15)
  3 deep elf pyromancers
  5 orc knights
  An orc sorcerer (Orc:1)
  6 ugly things (D:14)
  12 elephants
  A cyclops (D:12)
  2 manticores (D:13)
  A moth of wrath (D:10)
  Maurice (Orc:1)
  6 kobold blastminers
  4 black mambas
  4 gargoyles
  An unseen horror (D:11)
  5 torpor snails
  3 cane toads
  5 rime drakes
  A yaktaur (D:13)
  A tengu conjurer (D:13)
  Psyche (D:9)
  8 komodo dragons
  An efreet (D:14)
  A polar bear (Lair:3)
  4 trolls
  A tyrant leech (Lair:5)
  7 hornets (Lair:5)
  11 blink frogs
  6 dream sheep
  9 slime creatures
  44 yaks
  2 shadows
  A spriggan skeleton (D:15)
  3 wyverns
  6 wraiths
  A basilisk (D:10)
  A vampire (D:14)
  5 wargs (Orc:1)
  7 hogs (Lair:3)
  2 steam dragons
  Eustachio (D:6)
  6 vampire mosquitoes
  A naga (Lair:3)
  5 acid dragons
  12 water moccasins
  37 orc warriors
  5 black bears
  The ghost of Dorkslayer the Trooper, an amateur HOFi (D:3)
  7 wolves
  An ogre (Orc:1)
  15 centaurs
  6 kobold brigands
  10 bullfrogs
  3 gnoll sergeants (D:12)
  4 scorpions
  A wight (D:9)
  9 killer bees
  2 howler monkeys
  2 electric eels
  A bombardier beetle (D:5)
  3 hounds
  2 jellies
  A gnoll bouda (D:6)
  13 orc priests
  Jessica (D:2)
  Terence (D:2)
  4 iguanas
  11 orc wizards
  Robin (D:2)
  11 gnolls
  9 adders
  A shadow imp (D:7)
  4 ufetubi
  4 ribbon worms
  65 orcs
  6 ball pythons
  8 endoplasms
  5 giant cockroaches
  5 hobgoblins
  8 jackals
  6 quokkas
  3 bats
  3 frilled lizards
  16 goblins
  16 kobolds
  7 rats
556 creatures vanquished.

Vanquished Creatures (collateral kills)
  6 boulders
6 creatures vanquished.

Vanquished Creatures (others)
  A komodo dragon (Lair:5)
  2 orcs (Orc:2)
  19 boulders
22 creatures vanquished.

Grand Total: 584 creatures vanquished

Notes
Turn   | Place    | Note
-------+----------+-------------------------------------------
     0 | D:1      | senlim the Mountain Dwarf Reaver began the quest for the
                  | Orb.
     0 | D:1      | Reached XP level 1. HP: 17/17 MP: 3/3
    76 | D:1      | Found a faded altar of an unknown god.
   242 | D:1      | Reached XP level 2. HP: 24/25 MP: 4/4
   349 | D:1      | Learned a level 2 spell: Momentum Strike
   614 | D:1      | Found Ischiof's Assorted Antiques.
   619 | D:1      | Bought a scroll labelled BACIOF KENAOFE for 21 gold pieces
   619 | D:1      | Bought an emerald potion for 18 gold pieces
   619 | D:1      | Bought a fuming green potion for 18 gold pieces
   704 | D:1      | Reached XP level 3. HP: 28/30 MP: 6/6
   713 | D:1      | Reached skill level 3 in Conjurations
  1242 | D:2      | Noticed Terence
  1248 | D:2      | Killed Terence
  1249 | D:2      | Reached XP level 4. HP: 30/35 MP: 1/7
  1341 | D:2      | Noticed Jessica
  1358 | D:2      | Killed Jessica
  1359 | D:2      | Reached skill level 1 in Armour
  1517 | D:2      | Noticed Robin
  1537 | D:2      | Killed Robin
  1538 | D:2      | Reached XP level 5. HP: 23/45 MP: 5/8
  1809 | D:1      | Reached skill level 1 in Polearms
  1961 | D:1      | Bought a scroll labelled JUADES SAIT for 21 gold pieces
  2375 | D:3      | Found an opulent altar of Gozag.
  2375 | D:3      | Found a white marble altar of Elyvilon.
  2376 | D:3      | Found a shimmering blue altar of Sif Muna.
  2460 | D:3      | Found a transporter.
  2466 | D:3      | Noticed Dorkslayer's ghost (amateur HOFi)
  2474 | D:3      | Found a transporter.
  2527 | D:3      | Got Lom Lobon's Almanac of the Manifold
  2605 | D:3      | Found a roughly hewn altar of Beogh.
  3000 | D:4      | Reached XP level 6. HP: 34/51 MP: 4/10
  3548 | D:3      | Found a sparkling altar of Nemelex Xobeh.
  4127 | D:2      | Learned a level 3 spell: Hailstorm
  4787 | D:5      | Entered Level 5 of the Dungeon
  4829 | D:5      | Reached XP level 7. HP: 50/59 MP: 11/11
  4896 | D:5      | Reached skill level 1 in Ice Magic
  4913 | D:5      | Identified the +3 scale mail of Cisuly {rC- Str+6}
  5015 | D:5      | Reached skill level 4 in Conjurations
  5222 | D:5      | Found a glowing silver altar of Zin.
  5233 | D:5      | Found Fugutaos's Antique Armour Boutique.
  5865 | D:6      | Reached XP level 8. HP: 65/67 MP: 13/13
  5917 | D:6      | Found Cacozoaf's Book Shop.
  5956 | D:6      | Noticed Eustachio
  6263 | D:6      | Killed Eustachio
  6419 | D:6      | Found a snail-covered altar of Cheibriados.
  6422 | D:6      | Found a glowing golden altar of the Shining One.
  6426 | D:6      | Became a worshipper of Cheibriados the Contemplative
  6580 | D:6      | Reached skill level 1 in Invocations
  6746 | D:6      | Reached skill level 5 in Fighting
  6746 | D:6      | Reached skill level 1 in Throwing
  7597 | D:6      | Reached * piety under Cheibriados
  7684 | D:7      | Reached skill level 5 in Conjurations
  7684 | D:7      | Reached XP level 9. HP: 60/74 MP: 15/15
  7781 | D:7      | Found a runed translucent door.
  7783 | D:7      | Noticed edsrzf's ghost (novice MDRe)
  7808 | D:7      | Found a staircase to the Ecumenical Temple.
  7967 | Temple   | Entered the Ecumenical Temple
  8329 | D:3      | Killed Dorkslayer's ghost
  8468 | D:3      | Reached ** piety under Cheibriados
  8711 | D:8      | Noticed a two-headed ogre
  8846 | D:9      | Learned a level 4 spell: Brom's Barrelling Boulder
  8952 | D:9      | Noticed Psyche
  8971 | D:9      | Killed Psyche
  9822 | D:9      | Reached skill level 5 in Armour
  9846 | D:9      | Reached skill level 6 in Conjurations
  9858 | D:9      | Reached XP level 10. HP: 45/83 MP: 16/16
  9880 | D:9      | Reached skill level 5 in Axes
 10323 | D:10     | Entered Level 10 of the Dungeon
 10553 | D:10     | Reached *** piety under Cheibriados
 10824 | D:9      | Reached skill level 5 in Spellcasting
 10934 | D:10     | Noticed a gargoyle
 11069 | D:10     | Reached skill level 5 in Invocations
 11079 | D:10     | Found a staircase to the Lair.
 11088 | Lair:1   | Entered Level 1 of the Lair of Beasts
 11261 | D:10     | Reached skill level 7 in Conjurations
 12171 | D:9      | Reached XP level 11. HP: 72/92 MP: 19/19
 12639 | D:10     | Reached **** piety under Cheibriados
 13165 | D:10     | Found a bloodstained altar of Trog.
 13250 | D:10     | Learned a level 5 spell: Fireball
 13292 | Lair:1   | Identified the +3 plate armour of Going Fast {rC++ Regen+
                  | Str-4 Int+3}
 13608 | Lair:1   | Noticed Gastronok
 14082 | D:10     | Reached skill level 1 in Fire Magic
 14216 | Lair:1   | Killed Gastronok
 14771 | Lair:1   | Reached skill level 5 in Dodging
 14781 | Lair:1   | Reached ***** piety under Cheibriados
 14878 | Lair:2   | Found a staircase to the Shoals.
 14910 | Lair:2   | Reached skill level 8 in Conjurations
 16134 | Lair:3   | Found a gate leading to a gauntlet.
 16162 | Gauntlet | Entered a Gauntlet
 16162 | Gauntlet | Found a transporter.
 16162 | Gauntlet | Found a transporter.
 16162 | Gauntlet | Found a transporter.
 16165 | Gauntlet | Found a transporter.
 16166 | Gauntlet | Found a transporter.
 16176 | Gauntlet | Found a transporter.
 16180 | Gauntlet | Found a transporter.
 16195 | Gauntlet | Found a transporter.
 16196 | Gauntlet | Found a transporter.
 16214 | Gauntlet | Found a transporter.
 16218 | Gauntlet | Found a transporter.
 16228 | Gauntlet | Found a transporter.
 16454 | Lair:3   | Reached XP level 12. HP: 56/101 MP: 22/22
 16499 | Lair:3   | Found a staircase to the Snake Pit.
 16587 | Lair:3   | Noticed Sonja
 16592 | Lair:3   | Killed Sonja
 16720 | Lair:3   | Noticed Josephine
 16724 | Lair:3   | Killed Josephine
 16724 | Lair:3   | Noticed Kirke
 16742 | Lair:3   | Killed Kirke
 17078 | Lair:3   | Noticed a four-headed hydra
 17088 | Lair:3   | Killed a four-headed hydra
 17281 | Lair:3   | Reached skill level 5 in Throwing
 17597 | Lair:3   | Reached skill level 9 in Conjurations
 17812 | D:1      | Bought a diamond ring for 105 gold pieces
 18491 | Lair:4   | Noticed a death yak
 18493 | Lair:4   | Noticed a death yak
 18503 | Lair:4   | Noticed a death yak
 18845 | Lair:4   | Reached XP level 13. HP: 33/108 MP: 18/24
 19537 | Lair:5   | Entered Level 5 of the Lair of Beasts
 20077 | Snake:1  | Entered Level 1 of the Snake Pit
 20279 | Lair:4   | Reached skill level 5 in Fire Magic
 20710 | Lair:5   | Found a runed translucent door.
 20710 | Lair:5   | Found a viscous altar of Jiyva.
 20727 | Lair:5   | Noticed an acid blob
 20730 | Lair:5   | Found a staircase to the Slime Pits.
 22090 | D:11     | Reached skill level 10 in Conjurations
 22437 | D:11     | Found Wequof's Assorted Antiques.
 22444 | D:11     | Bought a scroll of teleportation for 99 gold pieces
 22444 | D:11     | Bought a fizzy silvery potion for 29 gold pieces
 22444 | D:11     | Bought a glowing steel ring for 165 gold pieces
 23177 | D:12     | Found an opulent altar of Gozag.
 24252 | D:13     | Reached XP level 14. HP: 29/118 MP: 26/26
 24329 | D:12     | Noticed Frances
 24668 | D:13     | Found a glowing silver altar of Zin.
 25114 | D:13     | Learned a level 3 spell: Passwall
 25118 | D:13     | Learned a level 2 spell: Blink
 25517 | D:13     | Paralysed by an ogre mage for 4 turns
 26694 | D:13     | Found a gate to the Vaults.
 28230 | D:12     | Found a staircase to the Orcish Mines.
 28246 | D:12     | Reached skill level 1 in Shields
 28997 | Orc:1    | Entered Level 1 of the Orcish Mines
 29698 | Orc:2    | Entered Level 2 of the Orcish Mines
 29698 | Orc:2    | Noticed Urug
 29698 | Orc:2    | Found Vecsocho's Mayhem Merchandise.
 29698 | Orc:2    | Found a staircase to the Elven Halls.
 29953 | Orc:1    | Learned a level 7 spell: Orb of Destruction
 29969 | Orc:2    | Noticed Snorg
 29970 | Orc:2    | Noticed Maurice
 30145 | Orc:2    | Noticed an orc warlord
 30197 | Orc:2    | Maurice stole 28 boomerangs
 30211 | Orc:1    | Killed Snorg
 30660 | Orc:1    | Killed an orc warlord
 30805 | Orc:1    | Maurice stole a ring of protection from fire
 30806 | Orc:1    | Paralysed by Maurice for 5 turns
 30808 | Orc:1    | Maurice stole a +2 war axe of flaming
 30813 | Orc:1    | Maurice stole 21 gold
 30814 | Orc:1    | Maurice stole 318 gold
 30815 | Orc:1    | Reached skill level 1 in Earth Magic
 30816 | Orc:1    | Paralysed by Maurice for 2 turns
 30821 | Orc:1    | Killed Maurice
 31250 | Orc:2    | Reached skill level 10 in Fighting
 31382 | Orc:2    | Killed Urug
 33317 | Orc:2    | Found a radiant altar of Vehumet.
 33469 | Orc:2    | Found Eplu's Antique Armour Emporium.
 33469 | Orc:2    | Found Voodisuc's Book Shop.
 33471 | Orc:2    | Found Kakhok's General Store.
 33473 | Orc:2    | Found Sihioty's Book Shoppe.
 33661 | Orc:1    | Reached skill level 10 in Invocations
 34376 | D:14     | Noticed december12's ghost (journeyman BaAr)
 34401 | D:14     | Found a transporter.
 34406 | D:14     | Found a transporter.
 34614 | D:14     | Reached skill level 11 in Conjurations
 35471 | D:15     | Entered Level 15 of the Dungeon
 35658 | D:6      | Bought a book of Spontaneous Combustion for 532 gold pieces
 35664 | D:6      | Learned a level 5 spell: Irradiate
 35872 | D:14     | HP: 1/119 [skeletal warrior/+0 scimitar (6)]
 35875 | D:14     | Slain by a skeletal warrior

Illustrated notes

Levels and vault maps discovered:
D:1:      mrwooster_arrival_statue_3, layout_loops_cross, serial_shops, shop,
          basic_ecumenical_altar, minmay_misc_feat_five, nicolae_hexahallways,
          hangedman_abyss_or_decor_lesser_grid, serial_bayou_pond_a
D:2:      layout_rooms, uniq_robin, uniq_jessica, uniq_terence
D:3:      layout_basic, nicolae_overflow_quartered_altars,
          gammafunk_ghost_arena, kennysheep_orc_chapel
D:4:      layout_basic
D:5:      layout_rooms, lemuel_round_altar, serial_shops,
          nicolae_shop_dealshenge
D:6:      layout_cave_pods, nicolae_overflow_squiral, serial_shops, shop,
          uniq_eustachio
D:7:      layout_basic, minmay_temple_entry_sparse_star,
          ebering_ghost_reflecting_pool
D:8:      layout_rooms, uniq_jeremiah
D:9:      layout_cave_pods, uniq_psyche
D:10:     layout_gridville, tgw_trog, lair_entry_dummy,
          hangedman_corner_corridor
D:11:     layout_gridville, serial_shops, nicolae_shop_tiny_statue_garden,
          kennysheep_generic_room_5
D:12:     layout_basic, kennysheep_orc_monster_closet_entryway,
          grunt_gozag_statues, uniq_frances
D:13:     layout_roguey, grunt_vaults_entry_fortified, zin_academy
D:14:     layout_roguey, special_room [special_room_orc], gammafunk_ghost_hive,
          kennysheep_minor_cross, bh_walls_and_bars
D:15:     gammafunk_depths_entry_grave, layout_gridville,
          palyth_stone_intersect, minmay_diced_spiral
Temple:   nicolae_temple_great_sept
Lair:1:   layout_hall_layers, minmay_holes, uniq_gastronok
Lair:2:   layout_gridlike, minmay_shoals_entry_centaurs
Lair:3:   layout_regular_city, minmay_snake_entry_six_corridors,
          gauntlet_entry_generic, serial_bayou_crossing,
          infiniplex_staircase_pool_2, serial_bayou_shore_a, uniq_josephine,
          uniq_kirke, uniq_sonja
Lair:4:   layout_regular_city, infiniplex_staircase_pool
Lair:5:   wormcave, layout_long_grid, guppyfry_lair_end_dragon, slime_entry_2
Snake:1:  layout_cave_pods, serial_shops, shop, ebering_ghost_inner_flame,
          grunt_megastairs_2, uniq_asterion
Orc:1:    layout_diamond_mine
Orc:2:    st_orc_rangers, layout_diamond_mine, basic_altar, minmay_shop_mayhem,
          uniq_snorg, uniq_maurice, uniq_urug

Skill      XL: |  1  2  3  4  5  6  7  8  9 10 11 12 13 14 |
---------------+-------------------------------------------+-----
Spellcasting   | 2 3 4 5 6 7 8 9 |  9.7
Axes           | 4 6 7 8 9 |  9.9
Conjurations   | 3 4 5 6 7 8 9 10 11 | 11.1
Dodging        | 2 3 4 5 6 |  6.2
Fighting       | 3 4 5 6 7 8 9 10 | 10.4
Armour         | 1 2 3 4 5 6 7 8 9 |  9.4
Polearms       | 1 2 3 4 |  4.2
Ice Magic      | 1 2 3 |  3.0
Invocations    | 2 4 5 7 8 9 10 | 10.2
Throwing       | 1 2 3 4 5 6 |  6.6
Fire Magic     | 2 4 5 6 |  6.9
Shields        | 2 |  2.9
Earth Magic    | 2 |  2.2

Action                     |  1- 3 |  4- 6 |  7- 9 | 10-12 | 13-15 || total
---------------------------+-------+-------+-------+-------+-------++-------
  Melee: Hand axe          |   104 |       |       |       |       ||   104
         Spear             |     2 |   144 |   281 |     2 |       ||   429
         War axe           |       |       |    73 |   451 |   504 ||  1028
         Unarmed           |       |       |       |     2 |       ||     2
         Broad axe         |       |       |       |       |   120 ||   120
  Throw: Boomerang         |       |       |    18 |    24 |     3 ||    45
         Javelin           |       |       |       |    16 |     5 ||    21
         Throwing net      |       |       |       |       |     1 ||     1
   Cast: Kiss of Death     |     2 |       |       |     1 |     3 ||     6
         Momentum Strike   |     6 |    13 |     1 |    12 |     3 ||    35
         Hailstorm         |       |       |     5 |     2 |     1 ||     8
         Brom's Barrelling |       |       |     2 |    14 |    24 ||    40
         Fireball          |       |       |       |    32 |   187 ||   219
         Passwall          |       |       |       |       |    37 ||    37
         Orb of Destructio |       |       |       |       |     2 ||     2
         Irradiate         |       |       |       |       |     2 ||     2
 Invoke: Bend Time         |       |       |     2 |       |       ||     2
         Slouch            |       |       |       |     4 |    14 ||    18
         Step From Time    |       |       |       |     2 |       ||     2
  Evoke: Wand              |       |     5 |    12 |    16 |     8 ||    41
         Phial of floods   |       |       |       |       |     1 ||     1
    Use: Potion            |       |     3 |       |     4 |     9 ||    16
         Scroll            |       |       |     6 |    15 |     7 ||    28
   Stab: Sleeping          |       |     1 |       |       |       ||     1
         Paralysed         |       |     1 |    22 |    11 |       ||    34
         Distracted        |       |     1 |       |       |       ||     1
 Armour: Leather armour    |    80 |    38 |       |       |       ||   118
         Robe              |       |    41 |    14 |       |       ||    55
         Scale mail        |       |       |   280 |   169 |       ||   449
         Plate armour      |       |       |       |   527 |  1205 ||  1732
         Skin              |       |       |       |     2 |       ||     2
  Dodge: Dodged            |    87 |    78 |   231 |   356 |   433 ||  1185
  Block: Buckler           |       |       |       |       |   137 ||   137

Table legend: (Time is in decaauts)
 A = Elapsed time spent in this place.
 B = Non-inter-level travel time spent in this place.
 C = Inter-level travel time spent in this place.
 D = Time resting spent in this place.
 E = Time spent auto-exploring this place.
 F = Levels seen in this place.
 G = Mean time per level.
                   A        B        C        D        E       F      G
               +--------+--------+--------+--------+--------+-----+--------+
         Total |  44586 |  38321 |   6265 |  12200 |  19835 |  25 | 1783.4 |
       Dungeon |  27804 |  23712 |   4092 |   6756 |  12914 |  15 | 1853.6 |
        Temple |      1 |      1 |      0 |      0 |      0 |   1 |    1.0 |
          Lair |  10547 |   9419 |   1128 |   2463 |   5434 |   5 | 2109.4 |
     Snake Pit |      1 |      1 |      0 |      0 |      0 |   1 |    1.0 |
  Orcish Mines |   5794 |   4750 |   1044 |   2980 |   1227 |   2 | 2897.0 |
      Gauntlet |    436 |    436 |      0 |      0 |    259 |   1 |  436.0 |
               +--------+--------+--------+--------+--------+-----+--------+

Top non-repeatable levels by time:
   Orc:1: 4166 daAuts
    D:13: 3879 daAuts
    D:10: 3487 daAuts
    D:12: 3306 daAuts
  Lair:4: 3049 daAuts
     D:9: 2837 daAuts
  Lair:3: 2606 daAuts
    D:14: 2059 daAuts
    D:11: 1841 daAuts
  Lair:2: 1767 daAuts
     D:3: 1710 daAuts
   Orc:2: 1627 daAuts
  Lair:5: 1623 daAuts
     D:6: 1607 daAuts
     D:5: 1551 daAuts
